 Dungeon Crawl Stone Soup version 0.29-a0-25-g7f48f510a0 (webtiles) character file.

Game seed: 1522547877428210221

11 HallandMoats the Skirmisher (level 2, 16/16 HPs)
             Began as a Vine Stalker Fighter on Jan 31, 2022.
             Was a Follower of Kikubaaqudgha.
             Got out of the dungeon alive.
             The game lasted 00:00:32 (635 turns).

HallandMoats the Skirmisher (Vine Stalker Fighter)   Turns: 635, Time: 00:00:32

Health: 16/16      AC:  6    Str: 18    XL:     2   Next: 29%
Magic:  3/3        EV:  9    Int:  8    God:    Kikubaaqudgha [*.....]
Gold:   41         SH:  4    Dex: 13    Spells: 1/1 levels left

rFire   . . .      SeeInvis .   a - +0 war axe
rCold   . . .      Faith    .   c - +0 buckler
rNeg    . . .      Spirit   +   b - +0 scale mail
rPois   .          Reflect  .   (no helmet)
rElec   .          Harm     .   (no cloak)
rCorr   .          Rampage  .   (no gloves)
Will    .....                   (no boots)
Stlth   ..........              (no amulet)
HPRegen 0.05/turn               (no ring)
MPRegen 0.08/turn               (no ring)

@: no status effects
A: fangs 2, magic shield, antimagic bite, no potion heal 2
a: Renounce Religion, Receive Corpses


You escaped.
You worshipped Kikubaaqudgha.
Kikubaaqudgha was aware of your devotion.
You visited 1 branch of the dungeon, and saw 1 of its levels.

You collected 41 gold pieces.

Inventory:

Hand Weapons
 a - a +0 war axe (weapon)
Armour
 b - a +0 scale mail (worn)
 c - a +0 buckler (worn)
Scrolls
 e - a scroll of amnesia {unknown}
Potions
 d - a potion of might


   Skills:
 * Level 2.8 Fighting
 * Level 2.0 Axes
 + Level 2.5 Armour
 + Level 0.2 Dodging
 + Level 2.7 Shields
 * Level 0.7 Invocations


You had one spell level left.
You didn't know any spells.
Your spell library contained the following spells:

 Spells                   Type           Power      Damage    Failure   Level
 Animate Skeleton         Necr           0%         N/A       88%         1
 Pain                     Necr           0%         1d4       88%         1
 Corpse Rot               Necr/Air       0%         N/A       95%         2
 Vampiric Draining        Necr           0%         2d6       99%         3


Dungeon Overview and Level Annotations

Branches:
Dungeon (1/15)

Altars:
Kikubaaqudgha


Innate Abilities, Weirdness & Mutations

You have extremely sharp teeth.
When hurt, damage is shared between your health and your magic reserves.
Your bite disrupts and absorbs the magic of your enemies.
Potions cannot restore your health.


Message History

The kobold completely misses you.
You barely miss the kobold. Your bite misses the kobold.
The kobold hits you with a +0 whip.
You barely miss the kobold.
The kobold hits you but does no damage. x2
You hit the kobold but do no damage. The kobold hits you but does no damage.
You closely miss the kobold. Your bite misses the kobold.
The kobold barely misses you. The kobold closely misses you.
You closely miss the kobold. The kobold closely misses you.
You barely miss the kobold. The kobold hits you but does no damage.
You closely miss the kobold. The kobold hits you but does no damage.
You block the kobold's attack.
You miss the kobold. The kobold misses you.
You slash the kobold!
You kill the kobold!
Your Axes skill increases to level 2!
No target in view!
No target in view!
Search for what [? for help]? altar
There is an open door here.
There is an open door here.
There is a faded altar of an unknown god here.
You cannot tell which god this altar belongs to.
Convert to them anyway?
Kikubaaqudgha accepts your prayer! Kikubaaqudgha welcomes you!
You can now receive cadavers from Kikubaaqudgha.
Kikubaaqudgha grants you a gift!
You add the spells Animate Skeleton, Pain, Corpse Rot and Vampiric Draining to your library.
Unknown command.
Press < or > to pray at altars.
Unknown command.
Press < or > to pray at altars.
(D) Dungeon
Where to? (Enter - D:1 @ (x,y), ? - help)
What level of the Dungeon? (default 1, ? - help)
There is an open door here.
You open the door.
There is an open door here.
There is a staircase leading out of the dungeon here.
Are you sure you want to leave the Dungeon?
This will make you lose the game!
You have escaped!

....## ### .....##
##.##
......####...##
......'.......#
......####...##
)....## ##.##
....## ### ...##
### ### ###
#'######.##..###@#
#.# #....#.###..##
#.# #..........##
#.###..........##
...##...#...##..##
.......#.#.##...>#
......############
#.##### ###


There were no monsters in sight!

Vanquished Creatures
  A ball python (D:1)
  2 endoplasms (D:1)
  2 hobgoblins (D:1)
  A frilled lizard (D:1)
  3 kobolds (D:1)
  A rat (D:1)
10 creatures vanquished.

Notes
Turn   | Place    | Note
-------+----------+-------------------------------------------
     0 | D:1      | HallandMoats the Vine Stalker Fighter began the quest for
                  | the Orb.
     0 | D:1      | Reached XP level 1. HP: 11/11 MP: 2/2
   243 | D:1      | Found a faded altar of an unknown god.
   271 | D:1      | Reached XP level 2. HP: 10/16 MP: 1/3
   584 | D:1      | Prayed at the altar of an unknown god.
   584 | D:1      | Became a worshipper of Kikubaaqudgha
   584 | D:1      | Reached * piety under Kikubaaqudgha
   584 | D:1      | Received a gift from Kikubaaqudgha
   635 | D:$      | Got out of the dungeon alive.

Illustrated notes

Levels and vault maps discovered:
D:1:      minmay_arrival_jagged, layout_loops_corners, basic_ecumenical_altar,
          minmay_octomino_e4

Skill      XL: |  1  2 |
---------------+-------+-----
Axes           | 2 |  2.0
Fighting       | |  2.8
Armour         | |  2.5
Dodging        | |  0.2
Shields        | |  2.7
Invocations    | |  0.7

Action                   || total
-------------------------++-------
Melee: War axe           ||    28
       Bite              ||     4
Armor: Scale mail        ||    13
Dodge: Dodged            ||    10
Block: Buckler           ||     6

Table legend: (Time is in decaauts)
 A = Elapsed time spent in this place.
 B = Non-inter-level travel time spent in this place.
 C = Inter-level travel time spent in this place.
 D = Time resting spent in this place.
 E = Time spent auto-exploring this place.
 F = Levels seen in this place.
 G = Mean time per level.
                   A        B        C        D        E       F      G
               +--------+--------+--------+--------+--------+-----+--------+
         Total |    646 |    580 |     66 |      0 |    508 |   1 |  646.0 |
       Dungeon |    646 |    580 |     66 |      0 |    508 |   1 |  646.0 |
               +--------+--------+--------+--------+--------+-----+--------+

Top non-repeatable levels by time:
     D:1: 646 daAuts
